Map: Data-C

Players

LiquidClem (Clem) - Winner!

  • Race: Terran Terran
  • League: Grandmaster
  • Spawn Location: 9:00

PtitDrogo

  • Race: Protoss Protoss
  • Spawn Location: 3:00

Event: HomeStory Cup XXII

VOD

Have the link to the VOD?

Description

Time

  • Played on: Dec. 15, 2022, 6:14 a.m.
  • Length: 8:35

All games in this series

Show
View Real Time Build Order
Export as new Build Order

LiquidClem Terran - Winner!

Build Orders: Reaper Expand 

Get SALT Encoding   

  12  0:00  SCV  
  13  0:12  SCV  
  14  0:16  Supply Depot  
  14  0:24  SCV  
  15  0:38  SCV  
  15  0:39  Barracks  
  16  0:43  Refinery  
  16  0:50  SCV  
  17  1:02  SCV  
  18  1:14  SCV  
  19  1:27  Reaper, Orbital Command  
  20  1:39  Command Center  
  20  1:47  Supply Depot  
  20  1:52  SCV  
  21  1:59  Marine  
  22  2:05  Bunker  
  22  2:12  Factory  
  23  2:15  SCV  
  23  2:19  Barracks Reactor  
  23  2:26  Refinery  
  23  2:27  SCV  
  24  2:39  SCV  
  25  2:53  Orbital Command  
  25  2:54  SCV  
  25  3:02  Starport  
  25  3:05  Hellion x2  
  29  3:06  SCV  
  29  3:11  Barracks Tech Lab  
  30  3:18  SCV  
  30  3:19  SCV  
  31  3:22  Supply Depot  
  31  3:26  Widow Mine  
  31  3:27  Widow Mine  
  35  3:30  Marine  
  35  3:33  SCV x2  
  38  3:38  Medivac  
  40  3:44  Supply Depot  
  40  3:45  SCV x2  
  40  3:48  Widow Mine  
  44  3:50  Widow Mine  
  46  4:01  SCV  
  46  4:02  Marine  
  47  4:03  SCV  
  47  4:09  Widow Mine  
  48  4:11  Widow Mine  
  48  4:12  Supply Depot  
  48  4:14  SCV  
  51  4:20  Marine  
  51  4:22  SCV  
  51  4:24  Starport Tech Lab  
  51  4:26  Barracks, SCV  
  52  4:34  SCV  
  50  4:38  SCV  
  50  4:44  Raven  
  53  4:46  Barracks, SCV  
  53  4:48  Supply Depot  
  53  4:51  Marine x2  
  53  4:52  SCV  
  53  4:58  Refinery, SCV  
  53  4:59  Siege Tank  
  57  5:04  SCV  
  58  5:08  Engineering Bay  
  58  5:09  Marine x2  
  58  5:10  SCV  
  58  5:11  Refinery  
  61  5:16  SCV  
  61  5:17  Supply Depot  
  62  5:22  SCV  
  62  5:26  Marine x2  
  65  5:28  SCV  
  65  5:30  Stimpack, Marine  
  65  5:34  SCV  
  68  5:36  Terran Infantry Weapons Level 1  
  68  5:39  Supply Depot  
  68  5:40  SCV  
  69  5:45  Combat Shield, Marine x2  
  69  5:48  Marauder  
  76  5:50  Supply Depot, Marauder  
  76  5:52  SCV  
  76  5:55  Starport Reactor  
  77  5:58  Command Center  
  77  6:03  Supply Depot, Marine  
  77  6:04  Marine  
  78  6:10  Marauder  
  82  6:11  Marauder  
  82  6:13  Factory Reactor  
  82  6:17  Supply Depot  
  82  6:21  Marine x2  
  84  6:31  Marauder  
  88  6:33  Medivac x2, Marauder  
  88  6:39  Marine x2  
  94  6:41  Supply Depot  
  94  6:44  SCV x2  
  94  6:45  Barracks  
  94  6:46  Barracks  
  96  6:50  Widow Mine x2  
  100  6:55  Supply Depot  
  100  6:56  Marauder x2  
  100  6:57  SCV  
  100  6:58  SCV  
  92  7:07  Marine x2  
  92  7:08  Medivac x2  
  98  7:10  Concussive Shells  
  98  7:11  SCV x2  
  100  7:18  Widow Mine x2  
  100  7:20  Marauder x2  
  108  7:23  SCV  
  108  7:24  SCV  
  108  7:28  Orbital Command  
  110  7:34  Barracks Reactor, Barracks Tech Lab  
  110  7:35  SCV, Marine x2  
  113  7:39  SCV  
  113  7:41  Marauder x2  
  110  7:46  Widow Mine x2  
  114  7:54  Marauder  
  114  7:55  Marine x2  
  114  7:56  SCV x2  
  116  8:00  SCV  
  116  8:03  Marauder  
  116  8:04  Medivac x2  
  123  8:10  Marauder  
  125  8:13  Marine x2  
  125  8:14  Marine x2  
  125  8:15  SCV  
  124  8:21  SCV  
  124  8:22  SCV  
  130  8:33  Refinery  
  137  8:34  Refinery  
Show
View Real Time Build Order
Export as new Build Order

PtitDrogo Protoss 

Build Orders: 1 Gate Expand 

Get SALT Encoding   

  12  0:00  Probe  
  13  0:12  Probe  
  14  0:16  Pylon  
  14  0:24  Probe  
  15  0:35  Gateway  
  15  0:36  Probe (Chrono Boost)  
  16  0:46  Probe (Chrono Boost), Assimilator  
  17  0:51  Probe (Chrono Boost)  
  18  1:03  Probe  
  19  1:15  Probe  
  20  1:22  Nexus  
  20  1:31  Cybernetics Core  
  20  1:34  Probe  
  21  1:40  Assimilator  
  21  1:46  Probe  
  22  1:51  Pylon  
  22  1:58  Probe  
  23  2:07  Stalker (Chrono Boost)  
  23  2:09  Warp Gate  
  25  2:17  Shield Battery  
  25  2:21  Probe  
  26  2:30  Stalker (Chrono Boost)  
  26  2:33  Probe  
  26  2:35  Probe  
  29  2:42  Robotics Facility  
  29  2:50  Probe  
  30  2:51  Stalker (Chrono Boost)  
  30  2:55  Probe (Chrono Boost)  
  34  3:06  Probe (Chrono Boost)  
  34  3:07  Probe (Chrono Boost)  
  35  3:15  Probe (Chrono Boost)  
  35  3:17  Probe (Chrono Boost)  
  37  3:21  Probe  
  38  3:30  Gateway, Probe  
  38  3:31  Gateway  
  38  3:32  Observer (Chrono Boost)  
  40  3:35  Probe  
  40  3:40  Pylon  
  41  3:42  Probe  
  41  3:45  Observer (Chrono Boost)  
  41  3:47  Probe  
  44  3:54  Probe  
  45  4:01  Stalker  
  45  4:04  Probe  
  45  4:08  Probe  
  40  4:14  Observer  
  40  4:17  Probe  
  37  4:20  Probe (Chrono Boost)  
  36  4:29  Probe (Chrono Boost)  
  37  4:33  Probe (Chrono Boost), Stalker x2  
  43  4:38  Probe (Chrono Boost)  
  43  4:39  Probe (Chrono Boost)  
  43  4:43  Probe (Chrono Boost)  
  43  4:45  Stalker  
  43  4:47  Probe  
  46  4:55  Probe (Chrono Boost)  
  46  4:59  Probe (Chrono Boost)  
  48  5:08  Robotics Bay  
  48  5:09  Observer  
  48  5:11  Probe (Chrono Boost)  
  48  5:13  Probe (Chrono Boost)  
  51  5:17  Nexus, Probe (Chrono Boost)  
  51  5:20  Probe (Chrono Boost)  
  53  5:22  Pylon  
  53  5:25  Observer, Probe  
  54  5:35  Pylon  
  54  5:38  Assimilator x2  
  54  5:40  Probe x2  
  56  5:52  Probe x2  
  56  5:55  Disruptor (Chrono Boost)  
  64  6:00  Twilight Council  
  61  6:04  Probe x2  
  61  6:07  Gateway  
  61  6:08  Gateway  
  63  6:11  Forge  
  63  6:15  Stalker  
  63  6:16  Probe x2  
  67  6:28  Probe  
  67  6:30  Probe  
  67  6:31  Stalker x2  
  72  6:34  Probe  
  72  6:36  Disruptor (Chrono Boost)  
  72  6:39  Charge (Chrono Boost)  
  76  6:53  Shield Battery, Probe x2  
  78  6:55  Probe  
  78  6:58  Observer  
  79  7:03  Disruptor (Chrono Boost)  
  82  7:10  Stalker  
  82  7:12  Pylon  
  82  7:15  Observer  
  81  7:21  Probe x3  
  82  7:28  Photon Cannon  
  82  7:29  Photon Cannon  
  81  7:32  Colossus (Chrono Boost), Photon Cannon  
  81  7:33  Probe x2  
  81  7:34  Zealot, Stalker  
  93  7:42  Pylon  
  93  8:00  Probe x3  
  93  8:01  Zealot x2  
  93  8:02  Pylon  
  93  8:03  Pylon  
  100  8:06  Pylon  
  101  8:12  Probe  
  101  8:13  Gateway  
  101  8:16  Gateway  
  101  8:17  Gateway  
  101  8:18  Zealot, Stalker x2  
  101  8:19  Gateway  
  95  8:23  Zealot x2  
Tags
 
Add a new tag
Caveats
  • Supply blocks, unpowered buildings, or Contaminate may cause inaccurate times.
  • Supply counts are checked every 10 seconds.